 Dungeon Crawl Stone Soup version 0.27.1-33-g824d729ab1 (webtiles) character file.

Game seed: 842107882319796248

56 lonewolfV2 the Conjurer (level 3, -3/21 HPs)
             Began as an Octopode Conjurer on Dec 14, 2021.
             Slain by a phantom (9 damage)
             ... on level 3 of the Dungeon.
             The game lasted 00:10:48 (2712 turns).

lonewolfV2 the Conjurer (Octopode Conjurer)         Turns: 2712, Time: 00:10:48

Health: -3/21      AC:  1    Str:  6    XL:     3   Next: 97%
Magic:  0/6        EV: 10    Int: 21    God:
Gold:   69         SH:  6    Dex: 16    Spells: 0/6 levels left

rFire    . . .     SeeInvis .   c - staff of conjuration
rCold    . . .     Faith    +   a - +0 kite shield
rNeg     . . .     Spirit   .   (helmet restricted)
rPois    .         Reflect  .   e - amulet of faith
rElec    .         Harm     .   f - +6 ring of dexterity
rCorr    .         Rampage  .   (no ring)
Will     .....                  (no ring)
Stlth    +++.......             (no ring)
HPRegen  0.07/turn              (no ring)
MPRegen  0.10/turn              (no ring)
                                (no ring)
                                (no ring)

@: very slightly contaminated
A: almost no armour, amphibious, 8 rings, camouflage 1, gelatinous body 1,
(nimble swimmer 1), tentacles
a: no special abilities


You were on level 3 of the Dungeon.
You visited 1 branch of the dungeon, and saw 3 of its levels.

You collected 69 gold pieces.

Inventory:

Armour
 a - a +0 kite shield (worn)
Magical Staves
 c - a staff of conjuration (weapon)
Jewellery
 e - an amulet of faith (around mantle)
 f - a +6 ring of dexterity (left tentacle)
Potions
 b - 3 potions of curing {unknown}
 d - a potion of brilliance {unknown}
 g - a potion of berserk rage {unknown}


   Skills:
 + Level 2.1 Dodging
 + Level 2.7 Stealth
 + Level 0.5 Unarmed Combat
 + Level 2.4 Spellcasting
 + Level 5.0 Conjurations


You couldn't memorise any spells.
You knew the following spells:

 Your Spells              Type           Power      Damage    Failure   Level
a - Magic Dart            Conj           100%       1d8       12%         1
b - Searing Ray           Conj           70%        3d5       19%         2
c - Dazzling Flash        Conj/Hex       38%        N/A       71%         3

Your spell library contained the following spells:

 Spells                   Type           Power      Damage    Failure   Level
 Fulminant Prism          Conj/Hex       9%         3d7       98%         4
 Iskenderun's Mystic Bla  Conj/Tloc      19%        2d6       98%         4


Dungeon Overview and Level Annotations

Branches:
Dungeon (3/15)

Altars:


Innate Abilities, Weirdness & Mutations

You cannot wear most types of armour.
You are amphibious.
You can wear up to eight rings at the same time.
Your skin changes colour to match your surroundings (Stealth+).
Your rubbery body absorbs attacks. (AC +1, EV +1)
((You are camouflaged near water. (Stealth+)))
You have tentacles for arms and can constrict up to eight enemies at once.


Message History

You feel a surge of power!
The magic dart hits the phantom.
The phantom is lightly damaged.
Casting: Magic Dart (safe; 12% risk of failure)
Confirm with . or Enter, or press ? or * to list all spells.
Aiming: Magic Dart (safe; 12% risk of failure)
Press: ? - help, Shift-Dir - straight line, f/p - phantom
Aim: a phantom (lightly damaged, 100% to hit)
You feel a surge of power!
The magic dart hits the phantom.
The phantom is moderately damaged.
Casting: Magic Dart (safe; 12% risk of failure)
Confirm with . or Enter, or press ? or * to list all spells.
Aiming: Searing Ray (safe; 19% risk of failure)
Press: ? - help, Shift-Dir - straight line, f/p - phantom
Aim: a phantom (moderately damaged, 73% to hit)
You feel a surge of power!
You miscast Searing Ray.
You are very lightly contaminated with residual magic.
Nothing appears to happen.
Casting: Searing Ray (safe; 19% risk of failure)
Confirm with . or Enter, or press ? or * to list all spells.
You don't have enough magic to cast this spell.
Unknown command.
Casting: Searing Ray (safe; 19% risk of failure)
Confirm with . or Enter, or press ? or * to list all spells.
Aiming: Magic Dart (safe; 12% risk of failure)
Press: ? - help, Shift-Dir - straight line, f/p - phantom
Aim: a phantom (moderately damaged, 100% to hit)
You feel a surge of power!
The magic dart hits the phantom.
The phantom is moderately damaged.
You hit the phantom. Your squeeze misses the phantom.
The phantom is heavily damaged.
The phantom hits you!
The phantom blinks!
You blink.
The phantom misses you.
You closely miss the phantom.
The phantom is heavily damaged.
The phantom hits you!
* * * LOW HITPOINT WARNING * * *
The phantom blinks!
You blink.
You hit the phantom. Your squeeze misses the phantom.
The phantom is heavily damaged.
The phantom hits you!
You die...

##....##
......##
......
.... #..
#.####
#§.§.#
#######.#
..#..@W#
#.#.####
#.#<#
#...#
#####


You could see a phantom.

Vanquished Creatures
  A dart slug (D:1)
  3 ball pythons
  9 bats
  6 endoplasms
  6 goblins
  5 hobgoblins
  6 jackals
  4 kobolds
  3 frilled lizards (D:2)
  4 rats
47 creatures vanquished.

Vanquished Creatures (others)
  3 plants (D:1)
3 creatures vanquished.

Grand Total: 50 creatures vanquished

Notes
Turn   | Place    | Note
-------+----------+-------------------------------------------
     0 | D:1      | lonewolfV2 the Octopode Conjurer began the quest for the
                  | Orb.
     0 | D:1      | Reached XP level 1. HP: 11/11 MP: 3/3
   100 | D:1      | Reached XP level 2. HP: 7/17 MP: 0/5
   598 | D:1      | Learned a level 2 spell: Searing Ray
   882 | D:1      | Reached XP level 3. HP: 17/21 MP: 3/6
  1194 | D:1      | Found a faded altar of an unknown god.
  1641 | D:1      | Learned a level 3 spell: Dazzling Flash
  2081 | D:2      | Reached skill level 5 in Conjurations
  2098 | D:2      | Identified a scroll of acquirement
  2098 | D:2      | Acquired a staff of conjuration
  2704 | D:3      | Noticed a phantom
  2712 | D:3      | Slain by a phantom

Illustrated notes

Levels and vault maps discovered:
D:1:      matt_arrival_grand_opening, layout_basic,
          chequers_ecumenical_altar_lobes, minmay_stone_trees_medium
D:2:      layout_basic, minmay_tree_intersection
D:3:      minmay_skewed_foursquare, layout_loops_ring, lemuel_tele_altar,
          serial_shops, shop, uniq_jessica

Skill      XL: |  1  2  3 |
---------------+----------+-----
Conjurations   | 5 |  5.0
Dodging        | |  2.1
Stealth        | |  2.7
Unarmed Combat | |  0.5
Spellcasting   | |  2.4

Action                   || total
-------------------------++-------
Melee: Unarmed           ||    33
       Tentacles         ||     4
       Constrict         ||     4
       Staff             ||     3
 Cast: Magic Dart        ||    60
       Searing Ray       ||     8
  Use: Scroll            ||     3
Armor: Skin              ||     5
Dodge: Dodged            ||    40
